 Dungeon Crawl Stone Soup version 0.14.0-9-g9c5475a (webtiles) character file.

13541 4tharraofdagon the Covert (level 11, -1/109 HPs)
             Began as a Demonspawn Gladiator on Apr 14, 2014.
             Was a Priest of Dithmenos.
             Slain by a minotaur (19 damage)
             ... in a labyrinth.
             The game lasted 00:47:46 (6480 turns).

4tharraofdagon the Covert (Demonspawn Gladiator)    Turns: 6480, Time: 00:47:46

HP  -1/109       AC  8     Str 24      XL: 11   Next: 64%
MP  11/11        EV 19     Int 11      God: Dithmenos [***...]
Gold 939         SH 12     Dex 20      Spells:  0 memorised, 10 levels left

rFire  . . .     SeeInvis +     r - +1,+3 dagger (freeze)
rCold  . . .     Clarity  +     b - +0 leather armour
rNeg   . . .     Conserve .     l - +1 buckler {reflect}
rPois  .         rCorr    .     (helmet unavailable)
rElec  .         rRot     .     (no cloak)
SustAb + .       Spirit   .     C - +2 pair of gloves "Woivotu" {Str+5}
rMut   .         Warding  .     (no boots)
Saprov . . .     Stasis   .     g - amulet of clarity
MR     .....                    d - ring of flight
                                T - ring of sustain abilities

@: agile, berserking (expiring), wreathed by umbra, very quick, not resistant to
hostile enchantments, extremely unstealthy
A: antennae 3, rugged brown scales 2, camouflage 1, blurry vision 2, frail 1,
nightstalker 3, weak 1
a: Shadow Step, Renounce Religion, Evoke Flight


You were in a labyrinth.
You worshipped Dithmenos.
Dithmenos was most pleased with you.
You were not hungry.

You visited 3 branches of the dungeon, and saw 21 of its levels.
You also visited: Labyrinth.

You collected 971 gold pieces.
You spent 32 gold pieces at shops.

Inventory:

Hand weapons
 a - a +0,+0 long sword
 i - a +0,+0 cutlass
 o - a +2,+2 dagger of venom
 r - a +1,+3 dagger of freezing (weapon)
 x - a cursed -3,+0 dagger
 y - a +0 blowgun
 L - a +0,+0 spear
 R - a +2,+2 dagger of venom
Missiles
 v - 5 needles of paralysis
 A - 7 poisoned needles
 Q - 2 darts (quivered)
Armour
 b - a +0 leather armour (worn)
 c - a +0 helmet
 h - a +0 chain mail
 j - a +0 pair of gloves
 l - a +1 buckler of reflection (worn)
 q - a +0 scale mail
 C - the +2 pair of gloves "Woivotu" (worn) {Str+5}
   (You found it on level 2 of the Lair of Beasts)

   It affects your strength (+5).
 W - a +0 helmet
Magical devices
 w - a wand of random effects (4)
 N - a wand of slowing (8)
 V - a wand of digging (12)
Comestibles
 f - 5 bread rations
 K - 4 meat rations
Scrolls
 e - 2 scrolls of fear
 m - 3 scrolls of noise
 n - 3 scrolls of blinking {unknown}
 t - 5 scrolls of enchant armour {unknown}
 u - 4 scrolls of amnesia {unknown}
 D - 2 scrolls of recharging
 G - 4 scrolls of remove curse
 O - a scroll of enchant weapon I
Jewellery
 d - a ring of flight (right hand)
 g - an amulet of clarity (around neck)
 B - an uncursed ring of wizardry
 M - an uncursed amulet of rage
 T - a ring of sustain abilities (left hand)
 Y - an uncursed amulet of resist corrosion {unknown}
Potions
 s - a potion of brilliance
 J - a potion of paralysis {unknown}
 P - 4 potions of curing
 X - a potion of magic
Magical staves
 p - an uncursed staff of death {unknown}
 H - an uncursed staff of air
 Z - an uncursed staff of fire {unknown}
Miscellaneous
 F - a plain deck of dungeons


   Skills:
 - Level 4.0 Fighting
 - Level 9.2 Short Blades
 - Level 3.2 Long Blades
 - Level 1.7 Throwing
 - Level 3.1 Armour
 - Level 4.4 Dodging
 * Level 13.7 Stealth
 - Level 3.0 Shields


You had 10 spell levels left.
You didn't know any spells.

Dungeon Overview and Level Annotations

Branches:
Dungeon (12/15)            Temple (1/1) D:7            Lair (8/8) D:8
 Shoals (0/5) Lair:3
    Orc: D:9-12       Swamp: Lair:3-6     Snake: Lair:3-6    Spider: Lair:3-6
  Slime: Lair:6-8

Altars:
Ashenzari
Cheibriados
Dithmenos
Elyvilon
Fedhas
Kikubaaqudgha
Makhleb
Nemelex Xobeh
Okawaru
Sif Muna
Trog
Vehumet
Xom
Zin
The Shining One

Shops:
D:9 *

Portals:
Trove: D:11 (give 6 scrolls of blinking)

Annotations:
D:6 Dowan
Lair:6 SNAKE


Innate Abilities, Weirdness & Mutations

You have a pair of large antennae on your head (SInv).
You are mostly covered in rugged brown scales (AC +2, +5% HP).
You are completely attuned to the shadows.
Your skin changes colour to match your surroundings (Stlth).
Your vision is quite blurry.
You are frail (-10% HP).
You are weak. (Str -2)


Message History

The minotaur hits you!
* * * LOW HITPOINT WARNING * * *
The minotaur gores you but does no damage.
You hit the minotaur but do no damage.
The minotaur is heavily wounded.
The minotaur completely misses you. The minotaur gores you!
* * * LOW HITPOINT WARNING * * *
Unknown command.
Unknown command.
You hit the minotaur but do no damage.
The minotaur is heavily wounded.
Unknown command.
Unknown command.
Unknown command.
Unknown command.
Unknown command.
You hit the minotaur but do no damage.
The minotaur is heavily wounded.
The minotaur misses you. The minotaur gores you!
You die...

# # # # # #
. . .. ... .
# # #..
############
)# .
.....H....#
. # #.#
######@####
. # . #
#.........#
#.# #
#####.#####
.. # . #.#
.# #
.#####.#.#.
▓ #.
.#...#.#...▓
. .#. .# #.▓
# #. # .▓ .
.# # # # #.▓


You could see a minotaur (berserk).

Vanquished Creatures
  Harold (D:10)
  A hydra (Lair:6)
  2 death yaks (Lair:8)
  A catoblepas (Lair:8)
  An unseen horror (D:10)
  Pikel (D:8)
  A black mamba (Lair:6)
  4 spiny frogs
  2 gargoyles
  2 komodo dragons
  Prince Ribbit (Lair:1)
  4 yaks
  2 deep elf magi
  A hippogriff (Lair:2)
  4 porcupines
  2 water moccasins
  A black bear (D:8)
  An ice beast (D:10)
  3 sky beasts
  A yellow wasp (D:10)
  A phantom (D:8)
  5 ogres
  6 centaurs
  4 big kobolds
  2 giant slugs
  7 giant frogs
  4 crocodiles
  Blork the orc (D:8)
  A scorpion (D:4)
  A hippogriff zombie (D:10)
  A crimson imp (D:10)
  A goliath beetle (D:8)
  A gnoll shaman (D:6)
  A giant frog skeleton (D:4)
  9 hounds
  3 iguanas
  An elf zombie (D:7)
  2 orc priests
  9 worker ants
  An orc wizard (D:8)
  A sheep (Lair:8)
  An ogre zombie (D:10)
  Ijyb (D:4)
  Jessica (D:2)
  An ogre skeleton (D:8)
  A hound skeleton (D:5)
  7 adders
  6 gnolls (D:6)
  11 green rats
  A worm zombie (D:5)
  2 shadow imps
  A giant mite (D:2)
  4 worms
  An adder zombie (D:9)
  2 orc zombies
  An orc skeleton (D:6)
  3 giant eyeballs
  An ooze (D:2)
  4 orcs
  3 giant cockroaches
  6 goblins
  7 hobgoblins
  15 jackals
  25 kobolds
  4 quokkas
  2 ball pythons
  18 bats
  4 giant geckos
  2 giant newts
  A giant spore (D:8)
  A hobgoblin skeleton (D:6)
  13 rats
  A fungus (Lair:6)
249 creatures vanquished.

Vanquished Creatures (others)
  2 slaves (D:8)
  An adder (D:8)
  A worm (D:8)
  A ballistomycete (D:8)
5 creatures vanquished.

Grand Total: 254 creatures vanquished

Notes
Turn   | Place    | Note
--------------------------------------------------------------
     0 | D:1      | 4tharraofdagon, the Demonspawn Gladiator, began the quest for the Orb.
     0 | D:1      | Reached XP level 1. HP: 16/16 MP: 1/1
    76 | D:1      | Reached skill level 3 in Long Blades
    90 | D:1      | Gained mutation: You are slightly more attuned to the shadows. [demonic ancestry]
    90 | D:1      | Reached XP level 2. HP: 16/22 MP: 2/2
   320 | D:2      | Noticed Jessica
   340 | D:2      | Killed Jessica
   340 | D:2      | Reached skill level 1 in Short Blades
   340 | D:2      | Gained mutation: You have a pair of small antennae on your head. [demonic ancestry]
   340 | D:2      | Reached XP level 3. HP: 12/27 MP: 3/3
   727 | D:4      | Reached skill level 1 in Armour
   727 | D:4      | Gained mutation: You are partially covered in rugged brown scales (AC +1, +3% HP). [demonic ancestry]
   727 | D:4      | Reached XP level 4. HP: 7/35 MP: 4/4
   728 | D:4      | Paralysed by a giant eyeball for 4 turns
   737 | D:4      | Paralysed by a giant eyeball for 3 turns
   911 | D:4      | Noticed a scorpion
   935 | D:4      | Killed a scorpion
   935 | D:4      | Gained mutation: You are mostly covered in rugged brown scales (AC +2, +5% HP). [demonic ancestry]
   935 | D:4      | Reached XP level 5. HP: 21/40 MP: 5/5
  1075 | D:4      | Noticed Ijyb
  1094 | D:4      | Killed Ijyb
  1100 | D:4      | Noticed an ogre
  1131 | D:2      | HP: 2/42 [poisoned by a kobold]
  1140 | D:2      | HP: 1/42 [poisoned by a kobold]
  1302 | D:2      | Found a snail-covered altar of Cheibriados.
  1304 | D:2      | Found a sparkling altar of Nemelex Xobeh.
  1305 | D:2      | Found a bloodstained altar of Trog.
  1306 | D:2      | Found an ancient bone altar of Kikubaaqudgha.
  1306 | D:2      | Found a shattered altar of Ashenzari.
  1307 | D:2      | Found a shimmering altar of Xom.
  1307 | D:2      | Found a white marble altar of Elyvilon.
  1526 | D:4      | Noticed an ogre
  1534 | D:4      | Killed an ogre
  1534 | D:4      | Gained mutation: You are significantly more attuned to the shadows. [demonic ancestry]
  1534 | D:4      | Reached XP level 6. HP: 38/49 MP: 6/6
  1581 | D:4      | Reached skill level 4 in Short Blades
  1619 | D:4      | Gained mutation: You are weak. (Str -2) [potion of mutation]
  1619 | D:4      | Gained mutation: Your vision is a little blurry. [potion of mutation]
  1619 | D:4      | Gained mutation: Your vision is quite blurry. [potion of mutation]
  1711 | D:5      | Entered Level 5 of the Dungeon
  1746 | D:5      | Reached skill level 1 in Stealth
  1933 | D:5      | Gained mutation: You have a pair of antennae on your head. [demonic ancestry]
  1933 | D:5      | Reached XP level 7. HP: 41/54 MP: 7/7
  2560 | D:6      | Noticed Dowan
  2575 | D:7      | Gained mutation: Your skin changes colour to match your surroundings (Stlth). [mutagenic meat]
  2576 | D:7      | Gained mutation: You are frail (-10% HP). [mutagenic meat]
  2658 | D:7      | Reached skill level 5 in Short Blades
  2658 | D:7      | Gained mutation: You are completely attuned to the shadows. [demonic ancestry]
  2658 | D:7      | Reached XP level 8. HP: 33/57 MP: 8/8
  2872 | D:7      | Found a staircase to the Ecumenical Temple.
  2885 | Temple   | Entered the Ecumenical Temple
  2921 | Temple   | Became a worshipper of Dithmenos the Shadowed
  3076 | D:8      | Reached skill level 1 in Shields
  3109 | D:9      | Found Phehuevo's Assorted Antiques.
  3127 | D:9      | Bought a sedimented white potion for 32 gold pieces
  3163 | D:8      | Reached skill level 5 in Stealth
  3166 | D:8      | Reached skill level 6 in Short Blades
  3244 | D:8      | Noticed Pikel
  3276 | D:8      | Killed Pikel
  3276 | D:8      | Gained mutation: You have a pair of large antennae on your head (SInv). [demonic ancestry]
  3276 | D:8      | Reached XP level 9. HP: 28/61 MP: 9/9
  3303 | D:8      | Noticed Blork the orc
  3307 | D:8      | Killed Blork the orc
  3318 | D:8      | Found a staircase to the Lair.
  3420 | D:9      | Reached skill level 7 in Short Blades
  3443 | D:9      | Noticed a gargoyle
  3446 | D:9      | Killed a gargoyle
  3515 | D:9      | Found a burning altar of Makhleb.
  3690 | D:10     | Entered Level 10 of the Dungeon
  3870 | D:11     | Found a portal to a secret trove of treasure.
  3897 | D:11     | Noticed an eight-headed hydra
  3986 | D:11     | Noticed a hill giant
  4167 | D:11     | Reached skill level 8 in Stealth
  4214 | D:10     | Noticed an unseen horror
  4285 | D:10     | Killed an unseen horror
  4285 | D:10     | Reached skill level 9 in Stealth
  4285 | D:10     | Reached XP level 10. HP: 13/67 MP: 10/10
  4356 | D:10     | Noticed Harold
  4383 | D:10     | Killed Harold
  4632 | D:8      | Reached skill level 10 in Stealth
  4697 | D:8      | Noticed a wandering mushroom
  4711 | D:8      | Noticed Prince Ribbit
  4719 | Lair:1   | Entered Level 1 of the Lair of Beasts
  4734 | Lair:1   | Killed Prince Ribbit
  4907 | Lair:2   | HP: 2/67 [giant slug (20)]
  4914 | Lair:2   | Acquired Dithmenos' first power
  4982 | Lair:2   | Reached skill level 11 in Stealth
  5183 | Lair:2   | Got a pair of shimmering gloves
  5187 | Lair:2   | Identified the +2 pair of gloves "Woivotu" {Str+5} (You found it on level 2 of the Lair of Beasts)
  5300 | Lair:3   | Noticed a black mamba
  5333 | Lair:3   | Noticed a griffon
  5333 | Lair:3   | Noticed a manticore
  5334 | Lair:3   | Found a staircase to the Shoals.
  5390 | Lair:3   | Reached XP level 11. HP: 73/73 MP: 11/11
  5804 | Lair:5   | Reached skill level 12 in Stealth
  5958 | Lair:6   | Acquired Dithmenos' second power
  6014 | Lair:6   | Noticed a six-headed hydra
  6018 | Lair:6   | Killed a six-headed hydra
  6120 | Lair:6   | Noticed a seven-headed hydra
  6182 | Lair:8   | Entered Level 8 of the Lair of Beasts
  6199 | Lair:8   | Noticed a death yak
  6199 | Lair:8   | Noticed a death yak
  6200 | Lair:8   | Killed a death yak
  6200 | Lair:8   | Reached skill level 13 in Stealth
  6203 | Lair:8   | Killed a death yak
  6219 | Lair:8   | Noticed a catoblepas
  6223 | Lair:8   | Killed a catoblepas
  6250 | Lair:8   | Found a labyrinth entrance.
  6257 | Lab      | Entered a labyrinth
  6464 | Lab      | Noticed a minotaur
  6476 | Lab      | WTF
  6480 | Lab      | Slain by a minotaur

Action                   |  1- 3 |  4- 6 |  7- 9 | 10-12 || total
-------------------------+-------+-------+-------+-------++-------
Melee: Long sword        |   101 |       |       |       ||   101
       Short sword       |    38 |    43 |    49 |       ||   130
       Dagger            |       |   132 |   370 |   267 ||   769
 Fire: Blowgun           |       |     5 |       |       ||     5
Throw: Throwing net      |     3 |     1 |       |       ||     4
       Dart              |       |       |     2 |       ||     2
Invok: Shadow Step       |       |       |       |     1 ||     1
 Abil: Evoke Flight      |       |       |       |     1 ||     1
Evoke: Wand              |       |     7 |     3 |     1 ||    11
  Use: Potion            |     2 |     4 |     2 |     9 ||    17
       Scroll            |     4 |     4 |     5 |    12 ||    25
 Stab: Sleeping          |     3 |       |    22 |    61 ||    86
       Invisible         |     1 |       |       |       ||     1
       Held in net/web   |     2 |     1 |       |       ||     3
       Confused          |       |     1 |       |       ||     1
